Map: Ulrena

Players

LittlePanda

  • Race: Zerg Zerg
  • League: Master

MythiC - Winner!

  • Race: Terran Terran
  • League: Grandmaster

VOD

Have the link to the VOD?

Description

Time

  • Played on: Dec. 27, 2015, 8:57 a.m.
  • Length: 13:14
Show
View Real Time Build Order
Export as new Build Order

LittlePanda Zerg 

Build Orders: Hatch First 

Get SALT Encoding   

  12  0:01  Drone  
  13  0:09  Drone  
  14  0:17  Overlord  
  14  0:26  Drone, Extractor  
  15  0:36  Drone x2  
  17  0:55  Drone  
  18  1:00  Hatchery  
  17  1:04  Drone, Extractor  
  17  1:15  Spawning Pool  
  16  1:21  Drone  
  16  1:22  Drone  
  18  1:27  Drone  
  19  1:39  Overlord  
  19  2:03  Zergling x4  
  19  2:04  Queen  
  23  2:11  Zergling x2  
  23  2:12  Queen  
  23  2:13  Metabolic Boost  
  23  2:15  Drone  
  27  2:21  Drone  
  28  2:24  Drone  
  29  2:30  Extractor  
  29  2:32  Drone  
  29  2:35  Drone  
  31  2:42  Drone  
  31  2:46  Drone  
  31  2:48  Queen  
  34  2:53  Drone  
  34  2:55  Overlord  
  36  3:05  Drone  
  36  3:06  Extractor  
  36  3:07  Drone  
  36  3:08  Roach Warren  
  35  3:14  Drone x2  
  35  3:15  Drone  
  35  3:18  Overlord  
  38  3:22  Drone x2  
  40  3:33  Overlord  
  40  3:41  Overlord  
  40  3:42  Overlord  
  40  3:43  Overlord  
  40  3:57  Hatchery  
  39  4:05  Roach  
  39  4:06  Roach x3  
  39  4:09  Roach  
  49  4:20  Roach x3  
  54  4:24  Drone x2  
  54  4:28  Roach  
  58  4:31  Ravager  
  58  4:32  Ravager  
  58  4:34  Drone x2  
  64  4:38  Roach  
  64  4:40  Roach  
  64  4:43  Roach  
  68  4:47  Ravager  
  61  5:01  Roach  
  54  5:15  Zergling x4  
  54  5:16  Zergling x12  
  62  5:23  Drone  
  61  5:31  Drone x2  
  59  5:42  Drone x2  
  60  5:53  Drone  
  60  5:59  Spore Crawler, Drone  
  60  6:02  Drone  
  61  6:07  Drone  
  61  6:08  Drone x2  
  61  6:10  Drone  
  65  6:17  Queen  
  67  6:20  Drone  
  67  6:25  Ravager  
  66  6:27  Drone x2  
  66  6:28  Drone  
  66  6:32  Drone x2  
  70  6:37  Drone x2  
  70  6:39  Drone  
  73  6:45  Queen  
  75  6:51  Drone  
  75  6:52  Drone x2  
  75  6:53  Drone  
  79  6:57  Drone x2  
  81  7:02  Overlord x2  
  81  7:07  Lair  
  81  7:09  Overlord  
  81  7:18  Extractor  
  81  7:19  Extractor  
  81  7:21  Spore Crawler, Drone x3  
  81  7:22  Drone x3  
  84  7:23  Drone  
  84  7:25  Drone  
  86  7:31  Roach x2  
  86  7:36  Roach x2  
  94  7:41  Roach x3  
  100  7:44  Spore Crawler  
  100  7:48  Extractor  
  100  7:49  Roach x2  
  102  7:52  Overlord  
  102  7:55  Overlord  
  102  8:02  Overlord x2  
  102  8:04  Overlord  
  102  8:12  Ravager x2  
  104  8:13  Ravager x2  
  104  8:18  Drone  
  104  8:19  Drone x3  
  110  8:20  Zergling x12  
  110  8:22  Glial Reconstitution  
  116  8:28  Pneumatized Carapace  
  116  8:31  Drone x2  
  116  8:33  Evolution Chamber  
  117  8:37  Roach x2  
  117  8:38  Roach  
  123  8:42  Zergling x6  
  123  8:43  Zergling x2  
  123  8:44  Zergling x2  
  123  8:46  Zergling x2  
  129  8:52  Roach x2  
  129  8:53  Roach  
  129  8:54  Extractor  
  129  8:55  Roach  
  136  9:01  Drone x2  
  137  9:17  Hatchery  
  137  9:22  Roach  
  137  9:24  Overlord x3  
  138  9:36  Overlord  
  138  9:37  Overlord  
  138  9:41  Overlord x3  
  138  9:43  Roach x4  
  146  9:49  Roach x3  
  146  9:51  Roach  
  154  9:55  Ravager x3  
  154  9:56  Ravager x4  
  154  9:59  Ravager x4  
  164  10:12  Roach x5  
  164  10:13  Roach  
  176  10:18  Ravager x2  
  177  10:29  Roach  
  177  10:30  Roach x6  
  177  10:34  Ravager  
  177  10:35  Zergling x2, Ravager  
  193  10:36  Zergling x6  
  193  10:37  Zergling x2  
  193  10:52  Roach x3  
  193  10:53  Roach  
  199  10:57  Overlord  
  199  11:01  Overlord  
  199  11:02  Overlord  
  197  11:05  Overlord  
  197  11:17  Roach  
  197  11:18  Roach x6  
  189  11:21  Ravager  
  189  11:22  Ravager x4  
  189  11:23  Ravager  
  189  11:24  Zergling x2  
  191  11:39  Roach  
  189  11:40  Roach x5  
  189  11:45  Ravager  
  189  11:46  Ravager  
  176  12:03  Roach x7  
  176  12:04  Roach x4  
  187  12:10  Zergling x2  
  187  12:11  Zergling x8  
  187  12:14  Roach  
  187  12:15  Roach  
  181  12:23  Zergling x4  
  156  12:39  Roach  
  156  12:42  Roach x3  
  114  12:47  Roach x3  
  96  12:53  Roach x3  
Show
View Real Time Build Order
Export as new Build Order

MythiC Terran - Winner!

Build Orders: Reaper Expand 

Get SALT Encoding   

  12  0:00  SCV  
  13  0:13  SCV  
  14  0:17  Supply Depot  
  14  0:25  SCV  
  15  0:39  SCV  
  15  0:42  Barracks  
  16  0:45  Refinery  
  16  0:51  SCV  
  17  1:03  SCV  
  18  1:22  SCV  
  19  1:30  Reaper  
  20  1:34  Orbital Command  
  20  1:42  Command Center  
  20  1:53  Supply Depot  
  21  2:01  SCV  
  21  2:02  Marine  
  22  2:10  Factory  
  22  2:13  SCV  
  23  2:21  Refinery  
  23  2:25  SCV  
  24  2:31  Barracks Reactor  
  24  2:37  SCV  
  25  2:49  SCV  
  26  2:55  Factory Tech Lab  
  26  2:57  Orbital Command  
  26  3:01  SCV  
  26  3:02  Starport  
  27  3:11  Supply Depot, Marine x2  
  29  3:14  SCV  
  29  3:15  Widow Mine  
  32  3:22  Bunker  
  32  3:25  SCV  
  32  3:26  SCV  
  34  3:29  Marine  
  35  3:37  SCV  
  35  3:38  SCV, Marine  
  38  3:41  Medivac  
  40  3:49  Siege Tank, SCV, Marine  
  40  3:50  SCV  
  46  4:00  Supply Depot  
  46  4:01  Supply Depot, SCV  
  46  4:02  SCV  
  47  4:04  Marine  
  47  4:07  Marine  
  49  4:10  Liberator  
  49  4:13  SCV  
  49  4:14  SCV  
  51  4:25  SCV  
  51  4:26  SCV  
  51  4:28  Marine x2  
  58  4:35  Supply Depot  
  58  4:37  SCV  
  59  4:38  SCV  
  59  4:42  Command Center  
  60  4:49  Marine x2  
  60  4:50  SCV x2  
  64  4:59  Liberator  
  64  5:02  SCV x2  
  65  5:12  Supply Depot  
  65  5:13  Siege Tank  
  64  5:15  SCV, Marine x2  
  69  5:25  Orbital Command  
  69  5:27  SCV  
  67  5:33  Marine  
  67  5:39  SCV, Marine  
  64  5:46  Siege Tank  
  67  5:51  SCV  
  67  5:54  SCV  
  69  5:58  Orbital Command  
  69  6:03  SCV  
  70  6:05  Medivac, Marine x2  
  70  6:08  SCV  
  70  6:10  Barracks  
  75  6:11  Refinery, Barracks  
  75  6:16  Supply Depot  
  75  6:20  Supply Depot x2  
  75  6:25  Engineering Bay  
  75  6:26  Engineering Bay  
  75  6:34  Marine x2  
  75  6:37  Orbital Command, Siege Tank  
  78  6:42  Refinery, Starport Reactor  
  78  6:45  Barracks  
  78  6:46  Supply Depot  
  78  6:47  Barracks  
  78  6:51  SCV  
  79  7:00  Barracks Tech Lab x2  
  79  7:01  SCV  
  80  7:05  SCV x2  
  80  7:07  Terran Infantry Armor Level 1, Terran Infantry Weapons Level 1  
  82  7:13  SCV  
  82  7:15  Marine x2  
  83  7:16  Siege Tank  
  83  7:17  SCV  
  83  7:18  SCV  
  90  7:25  SCV  
  90  7:27  Medivac  
  90  7:29  SCV  
  97  7:30  SCV  
  97  7:33  Marine  
  97  7:34  Refinery  
  99  7:37  SCV, Marine  
  99  7:38  Supply Depot  
  99  7:39  Supply Depot x2  
  99  7:40  Barracks Reactor x2  
  99  7:41  Supply Depot, SCV, Marine x2  
  101  7:45  Supply Depot x2  
  101  7:47  Armory  
  101  7:49  SCV  
  101  7:51  Marine  
  103  7:59  Siege Tank  
  103  8:00  Marine x2  
  103  8:01  SCV x2  
  110  8:05  Medivac  
  110  8:06  Command Center  
  110  8:09  Marine  
  110  8:10  Medivac  
  110  8:11  Refinery  
  115  8:12  Marine  
  115  8:13  SCV  
  115  8:14  SCV x2  
  115  8:17  Marine  
  115  8:18  Supply Depot, Marine  
  121  8:22  Combat Shields  
  121  8:25  Stimpack  
  121  8:28  Marine  
  121  8:29  Marine x4  
  121  8:30  Marine  
  127  8:35  Marine  
  127  8:37  Factory  
  128  8:43  Marauder  
  130  8:52  Factory, Marine x3  
  130  8:53  Factory Reactor  
  136  8:56  Medivac x2  
  136  9:01  Marine x3  
  136  9:02  Marauder  
  142  9:05  Terran Infantry Weapons Level 2  
  142  9:11  Marine x3  
  142  9:12  Marine  
  142  9:16  Barracks  
  144  9:18  Barracks  
  144  9:19  Bunker  
  144  9:20  Bunker  
  144  9:25  Marine x3  
  144  9:26  Marauder  
  144  9:29  Marine  
  150  9:31  SCV  
  150  9:32  SCV  
  150  9:34  Marauder, Marine x2  
  155  9:43  Marine  
  156  9:47  Marauder  
  156  9:49  Marine x3  
  156  9:51  Widow Mine x2  
  156  9:52  Medivac x2  
  169  9:56  Marauder, Terran Infantry Armor Level 2  
  169  9:59  Marine  
  171  10:00  Marine  
  173  10:08  Marauder  
  173  10:10  Marine x3, Barracks Tech Lab x2  
  173  10:12  Planetary Fortress  
  174  10:14  Refinery  
  174  10:15  Marine  
  174  10:17  Marauder, Marine  
  178  10:30  Marauder  
  180  10:45  Drilling Claws  
  180  10:47  Marine x2  
  180  10:49  Marine  
  180  10:51  Marine  
  180  10:53  Marine x2  
  180  10:58  Liberator x2, Marauder  
  180  10:59  Marine  
  180  11:02  Supply Depot  
  180  11:04  Widow Mine x2  
  180  11:05  Marauder, Marine x2  
  180  11:09  Marine  
  188  11:11  Marine  
  188  11:12  Marine x2  
  188  11:14  Marauder  
  188  11:16  Marine  
  178  11:19  Marauder  
  178  11:22  SCV x3  
  178  11:23  Marine x2  
  185  11:27  Marauder, Marine  
  185  11:29  Marine  
  185  11:30  Marauder  
  191  11:33  Widow Mine x2  
  190  11:40  Marine x2  
  190  11:41  Marauder  
  190  11:42  Marauder  
  190  11:45  Marine  
  196  11:54  Marine  
  196  11:55  Marine  
  196  12:01  Marine x3  
  196  12:02  Marauder, Marine  
  196  12:07  Marauder, Medivac x2, Marine  
  196  12:11  Widow Mine x2  
  196  12:12  Marauder, Marine  
  196  12:13  Marine  
  196  12:16  Widow Mine  
  196  12:19  Marine x2  
  196  12:26  Ghost Academy  
  196  12:32  Marine  
  196  12:33  Marine  
  196  12:35  Marauder x3  
  196  12:36  Marauder, Marine  
  190  12:37  Medivac  
  190  12:39  Marine x3  
  190  12:41  Widow Mine x2  
  190  12:42  Medivac  
  171  12:49  Marine  
  160  12:51  Marine  
  160  12:54  Marine  
Tags
 
Add a new tag
Caveats
  • Supply blocks, unpowered buildings, or Contaminate may cause inaccurate times.
  • Supply counts are checked every 10 seconds.